 Dungeon Crawl Stone Soup version 0.31-a0-150-g89dc3ad700 (webtiles) character file.

Game seed: 1370717897341768206

467 qw the Skirmisher (level 6, -7/55 HPs)
             Began as a Minotaur Hunter on June 8, 2023.
             Killed by nerve-wracking pain
             ... invoked by Grinder
              (12 damage)
             ... on level 5 of the Dungeon.
             The game lasted 00:01:19 (3524 turns).

qw the Skirmisher (Minotaur Hunter)                 Turns: 3524, Time: 00:01:19

Health: -7/55      AC: 10    Str: 14 (15) XL:     6   Next: 81%
Magic:  5/5        EV: 16    Int:  6      God:
Gold:   1389       SH:  0    Dex: 14 (16) Spells: 5/5 levels left

rFire   + + +        Y - +0 shortbow
rCold   . . .        (shield currently unavailable)
rNeg    . . .        d - +0 ring mail
rPois   .            (helmet restricted)
rElec   .            (no cloak)
rCorr   .            (no gloves)
SInv    .            q - +0 pair of boots "Obubick" {*Slow +Inv rF+++ Will-}
Will    .....        (no amulet)
Stlth   +            f - +4 ring of protection
HPRegen 0.29/turn    c - +5 ring of evasion
MPRegen 0.09/turn

%: slow self (1%)
@: about to teleport
A: horns 2, retaliatory headbutt, wild magic 1, sturdy frame 1
a: Evoke Invisibility


You were on level 5 of the Dungeon.
You visited 1 branch of the dungeon, and saw 5 of its levels.

You collected 1389 gold pieces.


Innate Abilities, Weirdness & Mutations

You have a pair of horns on your head.
You reflexively headbutt those who attack you in melee.
Your spells are a little harder to cast, but a little more powerful.
Your movements are slightly less encumbered by armour. (ER -2)


   Skills:
 + Level 4.8 Fighting
 - Level 8.0 Ranged Weapons
 - Level 1.0 Armour
 - Level 2.1 Dodging
 - Level 0.7 Stealth


You had 5 spell levels left.
You didn't know any spells.
Your spell library was empty.

Inventory:

Hand Weapons
 Y - a +0 shortbow (weapon)
Armour
 d - a +0 ring mail (worn)
 q - the +0 pair of boots "Obubick" (worn) {*Slow +Inv rF+++ Will-}
   (You acquired it on level 4 of the Dungeon)

   rF:        It renders you almost immune to fire.
   +Inv:      It lets you turn invisible.
   *Slow:     It may slow you when you take damage.
   Will:      It decreases your willpower.
Jewellery
 c - a +5 ring of evasion (right hand)
 f - a +4 ring of protection (left hand)
Wands
 m - a wand of digging (4)
Scrolls
 a - a scroll of identify
 b - a scroll of fear {unknown}
 e - a scroll of teleportation
Potions
 g - 2 potions of haste
 h - a potion of mutation
 i - a potion of enlightenment {unknown}
 j - a potion of curing
 l - a potion of might {unknown}

Dungeon Overview and Level Annotations

Branches:
Dungeon (5/15)
 Temple: D:4-7

Altars:
Makhleb
Ru
Wu Jian

Annotations:
D:5 Grinder


Message History

Something hits you but does no damage.
You shoot an arrow.
You feel very sick.
You shoot an arrow.
You feel very sick.
You suddenly lose the ability to move!
You feel sick. x3
You can move again.
You shoot an arrow.
You feel sick.
You shoot an arrow.
You feel sick. Something hits you.
You writhe in agony.
You shoot an arrow.
You feel sick. Something hits you but does no damage.
You shoot an arrow.
You feel sick.
You are no longer poisoned.
Something hits you but does no damage.
You shoot an arrow. Something hits you but does no damage.
You shoot an arrow. Something hits you but does no damage.
You shoot an arrow. Something hits you but does no damage.
You shoot an arrow. Something hits you.
You writhe in agony.
You shoot an arrow. You shoot an arrow.
Grinder appears from thin air!
Reactivating autopickup.
Grinder barely misses you. You furiously retaliate!
You headbutt Grinder!
3523 ||| READING 2 scrolls of teleportation.
As you read the scroll of teleportation, it crumbles to dust.
You feel strangely unstable. Grinder hits you but does no damage.
You shoot an arrow. The arrow hits Grinder!
Grinder is severely wounded.
Grinder gestures at you. Pain shoots through your body!
You die...

........###'#....
............#...#....
#....########...#....
#....# +...#....
+....# #...#....
#....+ #...#....
#....# #...#....
#...5# #...#....
#...@########...#....
#....#......#...#....
#....#......#...+....
#....#'######...#....
#...........#'###....
#....................
#................#'##
#................#..#
#................#..'


You could see Grinder.

Vanquished Creatures
  2 scorpions
  A wight (D:4)
  A howler monkey (D:4)
  A hound (D:4)
  2 orc priests (D:3)
  An orc wizard (D:3)
  6 adders
  A worm (D:2)
  4 dart slugs
  7 orcs (D:3)
  2 bats
  5 endoplasms
  5 giant cockroaches
  7 goblins
  8 hobgoblins
  A quokka (D:2)
  8 ball pythons
  4 frilled lizards
  9 kobolds
  6 rats
81 creatures vanquished.

Notes
Turn   | Place    | Note
-------+----------+-------------------------------------------
     0 | D:1      | qw the Minotaur Hunter began the quest for the Orb.
     0 | D:1      | Reached XP level 1. HP: 18/18 MP: 0/0
     0 | D:1      | 0 ||| qw: Version: 0.2-a-119-g0488c42
     0 | D:1      | 0 ||| qw: Game counter: 2726
     0 | D:1      | 0 ||| qw: Always use a shield: true
     0 | D:1      | 0 ||| qw: God list: Okawaru
     0 | D:1      | 0 ||| qw: Allow faded altars: false
     0 | D:1      | 0 ||| qw: Do Orc after D:15 true
     0 | D:1      | 0 ||| qw: Do second Lair branch before Depths: true
     0 | D:1      | 0 ||| qw: Lair rune preference: random
     0 | D:1      | 0 ||| qw: Plans: Normal
     0 | D:1      | 0 ||| PLANNING D:1-11
    92 | D:1      | Reached XP level 2. HP: 25/25 MP: 1/1
   125 | D:1      | Reached skill level 5 in Ranged Weapons
   447 | D:1      | Reached skill level 3 in Fighting
   795 | D:1      | 795 ||| UPGRADING to +4 ring of protection.
   796 | D:1      | 796 ||| READING scroll labelled TEDGHI UCUWKUMP.
   797 | D:1      | 797 ||| READING scroll labelled ANKODI IDUUCHU.
   802 | D:1      | 802 ||| DROPPING scroll of butterflies.
   828 | D:2      | 828 ||| STAIRDANCE
   835 | D:1      | Reached XP level 3. HP: 30/31 MP: 2/2
  1052 | D:2      | Reached XP level 4. HP: 38/38 MP: 3/3
  1078 | D:2      | Reached skill level 6 in Ranged Weapons
  1430 | D:2      | 1430 ||| UPGRADING to +0 ring mail.
  1440 | D:2      | 1440 ||| DROPPING +0 leather armour.
  1441 | D:2      | 1441 ||| READING scroll labelled UXKOPT LAMEBONK.
  1442 | D:2      | 1442 ||| READING scroll labelled SATEOF ENLAN.
  1443 | D:2      | 1443 ||| DRINKING 2 black potions.
  1443 | D:2      | Gained mutation: You are weak. (Str -2) [potion of
                  | mutation]
  1443 | D:2      | Gained mutation: Your spells are a little harder to cast,
                  | but a little more powerful. [potion of mutation]
  1443 | D:2      | Lost mutation: You are weak. (Str -2) [potion of mutation]
  1443 | D:2      | Gained mutation: Your movements are slightly less
                  | encumbered by armour. (ER -2) [potion of mutation]
  1545 | D:3      | Reached skill level 1 in Armour
  1792 | D:3      | Reached XP level 5. HP: 30/46 MP: 4/4
  2279 | D:3      | 2279 ||| READING scroll labelled LENOICISIA.
  2280 | D:3      | 2280 ||| DRINKING 2 smoky coppery potions.
  2281 | D:3      | 2281 ||| DRINKING 2 metallic emerald potions.
  2282 | D:3      | 2282 ||| READING 3 scrolls of identify.
  2282 | D:3      | 2282 ||| IDENTIFYING lumpy emerald potion
  2283 | D:3      | 2283 ||| READING 2 scrolls of identify.
  2283 | D:3      | 2283 ||| IDENTIFYING fizzy green potion
  2284 | D:3      | 2284 ||| DROPPING potion of lignification.
  2285 | D:3      | 2285 ||| DROPPING potion of degeneration.
  2739 | D:4      | Reached skill level 7 in Ranged Weapons
  2803 | D:4      | Found a sacrificial altar of Ru.
  2879 | D:4      | Reached XP level 6. HP: 52/52 MP: 5/5
  3029 | D:4      | Reached skill level 8 in Ranged Weapons
  3193 | D:4      | Found a burning altar of Makhleb.
  3296 | D:4      | 3296 ||| UPGRADING to +5 ring of evasion.
  3297 | D:4      | 3297 ||| READING 2 scrolls labelled TENYJE LACAUS.
  3297 | D:4      | Identified 2 scrolls of acquirement
  3297 | D:4      | 3297 ||| ACQUIRING +0 pair of boots "Obubick" {*Slow +Inv
                  | rF+++ Will-}
  3297 | D:4      | Acquired the +0 pair of boots "Obubick" {*Slow +Inv rF+++
                  | Will-}
  3299 | D:4      | 3299 ||| UPGRADING to +0 pair of boots "Obubick" {*Slow
                  | +Inv rF+++ Will-}.
  3304 | D:4      | 3304 ||| READING scroll of acquirement.
  3304 | D:4      | 3304 ||| ACQUIRING 1116 gold pieces
  3304 | D:4      | Acquired 1116 gold pieces
  3306 | D:4      | 3306 ||| READING scroll labelled NIGYZX DAOTINO.
  3307 | D:4      | 3307 ||| READING scroll labelled SIPHEH CUCSEK.
  3308 | D:4      | 3308 ||| READING scroll labelled HEMELI PIMEAWNEGH.
  3309 | D:4      | 3309 ||| READING 2 scrolls of identify.
  3309 | D:4      | 3309 ||| IDENTIFYING coppery potion
  3310 | D:4      | 3310 ||| DROPPING potion of brilliance.
  3312 | D:4      | 3312 ||| Stepping ~*~*~tactically~*~*~ (cloud).
  3395 | D:5      | Entered Level 5 of the Dungeon
  3416 | D:5      | Found an ornate altar of the Wu Jian Council.
  3493 | D:5      | Noticed Grinder
  3498 | D:5      | Paralysed by something for 2 turns
  3509 | D:5      | Paralysed by something for 4 turns
  3514 | D:5      | HP: 12/55 [something (3)]
  3520 | D:5      | HP: 7/55 [something (2)]
  3523 | D:5      | 3523 ||| READING 2 scrolls of teleportation.
  3524 | D:5      | Killed from afar by Grinder

Levels and vault maps discovered:
D:1:      evilmike_arrival_hilbert_curve, layout_basic
D:2:      layout_loops_ring
D:3:      layout_basic, kennysheep_cluttered_room
D:4:      minmay_general_purpose_star, layout_loops_ring, lemuel_doored_altar,
          makhleb_altar_promises_db, roderic_roman_lattice, minmay_small_thing
D:5:      wander_river, layout_gridville, led_xom_imps,
          mainiacjoe_overflow_small_starburst, mainiacjoe_overflow_tiny_flanked,
          minmay_temple_entry_junction_2, uniq_grinder

Skill      XL: |  1  2  3  4  5  6 |
---------------+-------------------+-----
Ranged Weapons | 5 6 7 8 |  8.0
Fighting       | 3 4 |  4.8
Armour         | 1 |  1.0
Dodging        | |  2.1
Stealth        | |  0.7

Action                     |  1- 3 |  4- 6 || total
---------------------------+-------+-------++-------
   Fire: Shortbow          |   120 |   169 ||   289
    Use: Scroll            |     2 |    12 ||    14
         Potion            |       |     3 ||     3
 Armour: Leather armour    |    10 |     1 ||    11
         Ring mail         |       |    36 ||    36
  Dodge: Dodged            |    23 |    46 ||    69

Table legend:
 A = Non-vault XP
 B = Vault XP
 C = Vault XP percentage of total XP
 D = Non-vault monster count
 E = Vault monster count
 F = Vault count percentage of total count
                 A         B        C        D         E       F
            +---------+---------+-------+---------+---------+-------
      Total |     588 |      80 |  12.0 |      77 |       4 |   4.9
            +---------+---------+-------+---------+---------+-------
        D:1 |      49 |       0 |   0.0 |      24 |       0 |   0.0
        D:2 |      74 |       0 |   0.0 |      26 |       0 |   0.0
        D:3 |     175 |       0 |   0.0 |      18 |       0 |   0.0
        D:4 |     210 |      80 |  27.6 |       8 |       4 |  33.3
        D:5 |      80 |       0 |   0.0 |       1 |       0 |   0.0
            +---------+---------+-------+---------+---------+-------
